 Dungeon Crawl Stone Soup version 0.29.1-15-g9cfb28693d (webtiles) character file.

Game seed: 10183062763188354795

109 adizb the Sneak (level 4, -3/30 HPs)
             Began as an Octopode Brigand on Apr 16, 2023.
             Killed from afar by Sigmund (6 damage)
             ... with a magic dart
             ... on level 3 of the Dungeon.
             The game lasted 00:12:23 (1596 turns).

adizb the Sneak (Octopode Brigand)                  Turns: 1596, Time: 00:12:24

Health: -3/30      AC:  1    Str: 10    XL:     4   Next: 89%
Magic:  4/4        EV: 13    Int: 13    God:
Gold:   100        SH:  0    Dex: 15    Spells: 3/3 levels left

rFire   . . .      SeeInvis .   a - +2 dagger
rCold   . . .      Faith    .   (no shield)
rNeg    . . .      Spirit   .   (helmet restricted)
rPois   .          Reflect  .   (no amulet)
rElec   .          Harm     .   g - ring of flight
rCorr   .          Rampage  .   (no ring)
Will    .....                   (no ring)
Stlth   ++++......              (no ring)
HPRegen 0.10/turn               (no ring)
MPRegen 0.09/turn               (no ring)
                                (no ring)
                                (no ring)

@: flying, studying Short Blades
A: almost no armour, amphibious, 8 rings, camouflage 1, gelatinous body 1,
(nimble swimmer 1), tentacles
a: no special abilities


You were on level 3 of the Dungeon.
You visited 1 branch of the dungeon, and saw 3 of its levels.

You collected 100 gold pieces.

Inventory:

Hand Weapons
 a - a +2 dagger (weapon)
Missiles
 b - 5 poisoned darts (quivered)
 c - 3 curare-tipped darts
Jewellery
 g - a ring of flight (left tentacle)
Scrolls
 e - a scroll of amnesia
 j - 2 scrolls of identify
 k - a scroll of summoning {unknown}
 l - a scroll of poison {unknown}
 m - a scroll of teleportation {unknown}
Potions
 i - a potion of mutation
 n - a potion of lignification {unknown}


   Skills:
 + Level 2.8 Fighting
 * Level 3.3 Short Blades
 - Level 2.0 Throwing
 + Level 1.9 Dodging
 * Level 6.6 Stealth


You had 3 spell levels left.
You didn't know any spells.
Your spell library contained the following spells:

 Spells                   Type           Power      Damage    Failure   Level
 Stone Arrow              Conj/Erth      0%         3d7       67%         3
 Lehudib's Crystal Spear  Conj/Erth      0%         10d2      100%        8
 Animate Armour           Summ/Erth      Unusable   N/A       N/A         4

Dungeon Overview and Level Annotations

Branches:
Dungeon (3/15)

Altars:

Shops:
D:3 [

Annotations:
D:3 Sigmund


Innate Abilities, Weirdness & Mutations

You cannot wear most types of armour.
You are amphibious.
You can wear up to eight rings at the same time.
Your skin changes colour to match your surroundings (Stealth+).
Your rubbery body absorbs attacks. (AC +1, EV +1)
((You are camouflaged when in or above water. (Stealth+)))
You have tentacles for arms and can constrict up to eight enemies at once.


Message History

Non-targeted confused throw: 9 darts (poison)
Press: ? - help, Q - select action, (/) - cycle Dir - look around, f - activate Look: Sigmund, wielding a +0 scythe, wearing a +0 robe and carrying a wand of digging (1)
You throw a poisoned dart. Sigmund says, "I'm your fate."
Non-targeted confused throw: 8 darts (poison)
Press: ? - help, Q - select action, (/) - cycle Dir - look around, f - activate Look: Sigmund, wielding a +0 scythe, wearing a +0 robe and carrying a wand of digging (1)
You throw a poisoned dart.
Sigmund points at you and mumbles some strange words.
You resist with some effort.
Non-targeted confused throw: 7 darts (poison)
Press: ? - help, Q - select action, (/) - cycle Dir - look around, f - activate Look: Sigmund, wielding a +0 scythe, wearing a +0 robe and carrying a wand of digging (1)
You throw a poisoned dart. The poisoned dart misses Sigmund.
Non-targeted confused throw: 6 darts (poison)
Press: ? - help, Q - select action, (/) - cycle Dir - look around, f - activate Look: Sigmund, wielding a +0 scythe, wearing a +0 robe and carrying a wand of digging (1)
You throw a poisoned dart. Sigmund barely misses you.
You are too confused!
Sigmund casts a spell at you. You resist with some effort.
You bump into the rock wall.
Sigmund hits you with a +0 scythe!
* * * LOW HITPOINT WARNING * * *
You are too confused!
You feel less confused. Sigmund misses you.
You see here 2 poisoned darts.
As you read the scroll of fear, it crumbles to dust.
You assume a fearsome visage.
Sigmund looks frightened!
The goblin looks frightened!
Sigmund prays for help.
Sigmund mumbles some strange words.
Sigmund flickers and vanishes!
Deactivating autopickup; reactivate with Ctrl-A.
You hit something. Your squeeze misses something.
A magic dart appears from out of thin air!
The magic dart hits you.
You die...

#<................(...###########
############.#####...## ..
#(.....# #. #......# ## ..
#..#.#.# .. ..#### #{.#.# .. .# .
#.... #..#.# ... # #.....#.(#.#
.h # #.....#@.#.####..
#............... ##...?..........
#.............. ................
................ ................
.[.............. ................


There were no monsters in sight!

Vanquished Creatures
  5 adders (D:2)
  A worm (D:3)
  An orc (D:3)
  5 bats
  4 endoplasms
  5 giant cockroaches
  4 goblins
  5 hobgoblins
  4 jackals (D:1)
  A quokka (D:2)
  6 ball pythons
  3 frilled lizards
  8 kobolds
  6 rats
58 creatures vanquished.

Notes
Turn   | Place    | Note
-------+----------+-------------------------------------------
     0 | D:1      | adizb the Octopode Brigand began the quest for the Orb.
     0 | D:1      | Reached XP level 1. HP: 14/14 MP: 1/1
   132 | D:1      | Reached XP level 2. HP: 16/19 MP: 2/2
   371 | D:1      | Found a faded altar of an unknown god.
   407 | D:1      | Reached XP level 3. HP: 25/25 MP: 3/3
   573 | D:1      | Reached skill level 6 in Stealth
   765 | D:2      | Identified a scroll of acquirement
   765 | D:2      | Acquired a manual of Short Blades
   867 | D:2      | Reached XP level 4. HP: 21/30 MP: 4/4
  1146 | D:2      | Identified the +0 robe of Magic {Str+4 Int+2 Stlth-}
  1306 | D:3      | Found Gitideg's Antique Armour Boutique.
  1353 | D:3      | Identified the +1 robe of the Furies {+Blink rC+ Int-4
                  | Dex+3}
  1519 | D:3      | Noticed Sigmund
  1579 | D:3      | Noticed a black bear
  1596 | D:3      | Killed from afar by Sigmund

Illustrated notes

Levels and vault maps discovered:
D:1:      heliophobic_arrival_ceremonial_halls, layout_basic,
          shapermc_ecumenical_altar_pompeii, hangedman_decor_push
D:2:      layout_basic, minmay_distorted
D:3:      layout_basic, lemuel_doored_altar, serial_shops, shop, uniq_sigmund

Skill      XL: |  1  2  3  4 |
---------------+-------------+-----
Stealth        | 6 |  6.6
Short Blades   | 3 |  3.3
Fighting       | |  2.8
Throwing       | |  2.0
Dodging        | |  1.9

Action                   |  1- 3 |  4- 6 || total
-------------------------+-------+-------++-------
Melee: Dagger            |    56 |    48 ||   104
       Constrict         |    13 |    12 ||    25
       Tentacles         |    10 |    13 ||    23
Throw: Dart              |       |     7 ||     7
  Use: Scroll            |     3 |     4 ||     7
       Potion            |     2 |     5 ||     7
 Stab: Sleeping          |    15 |     7 ||    22
Armor: Skin              |     6 |     3 ||     9
Dodge: Dodged            |    22 |    28 ||    50
